Map: Orbital Shipyard

Players

xKawaiian

  • Race: Terran Terran
  • League: Master

Kaer - Winner!

  • Race: Terran Terran
  • League: Grandmaster

VOD

Have the link to the VOD?

Description

Time

  • Played on: Jan. 12, 2016, 8:27 p.m.
  • Length: 8:13
Show
View Real Time Build Order
Export as new Build Order

xKawaiian Terran 

Build Orders: Cyclone Opening 

Get SALT Encoding   

  12  0:00  SCV  
  13  0:12  SCV  
  14  0:17  Supply Depot  
  14  0:25  SCV  
  15  0:39  SCV  
  15  0:41  Barracks  
  16  0:46  Refinery  
  16  0:51  SCV  
  16  0:54  Refinery  
  17  1:03  SCV  
  18  1:15  SCV  
  19  1:29  Marine  
  19  1:32  Orbital Command  
  20  1:39  Supply Depot  
  20  1:45  Factory  
  20  1:47  Marine  
  21  2:02  SCV  
  21  2:05  Marine  
  23  2:14  SCV  
  24  2:23  Marine  
  24  2:26  SCV  
  26  2:30  Factory Tech Lab  
  26  2:31  Starport  
  26  2:38  SCV  
  26  2:41  Marine  
  28  2:50  Cyclone  
  31  2:56  Supply Depot  
  31  2:58  Supply Depot  
  31  3:04  SCV, Marine  
  33  3:08  Medivac  
  35  3:16  SCV  
  36  3:22  Siege Tank, Marine  
  40  3:27  Liberator  
  40  3:30  SCV  
  40  3:33  Supply Depot  
  41  3:39  Marine  
  42  3:47  SCV  
  46  3:57  Marine  
  46  4:01  SCV  
  48  4:14  Command Center  
  48  4:15  SCV  
  48  4:27  SCV  
  49  4:34  Liberator  
  49  4:37  Siege Tank, Marine  
  52  4:39  SCV  
  55  4:55  Marine  
  51  5:09  Siege Tank  
  51  5:12  SCV  
  51  5:14  Barracks  
  44  5:15  Barracks Reactor, Barracks  
  43  5:23  Refinery  
  43  5:24  SCV  
  44  5:29  Orbital Command  
  44  5:35  Starport Reactor  
  44  5:41  SCV  
  45  5:45  Supply Depot  
  45  5:52  Marine  
  45  5:53  SCV, Marine  
  45  5:54  Supply Depot, Siege Tank  
  45  5:55  SCV  
  52  6:02  Barracks Tech Lab, Marine  
  53  6:05  SCV  
  53  6:08  Refinery  
  53  6:10  Medivac, Marine  
  57  6:13  Medivac  
  57  6:14  Marine  
  57  6:16  SCV  
  61  6:20  SCV  
  61  6:21  Marine  
  61  6:24  Marine  
  64  6:29  SCV  
  64  6:32  SCV, Supply Depot, Marine  
  67  6:35  Marine  
  67  6:39  Marine  
  69  6:40  Siege Tank  
  69  6:41  SCV  
  74  6:49  SCV  
  74  6:50  Marine  
  74  6:51  Medivac  
  74  6:53  SCV  
  78  6:54  Marine  
  78  6:56  Marine x2  
  78  6:59  Supply Depot  
  78  7:01  SCV  
  82  7:05  SCV  
  82  7:08  Marine  
  84  7:12  Siege Tank, Marine  
  84  7:14  Marine  
  90  7:19  Barracks Reactor  
  89  7:23  Barracks  
  89  7:25  Barracks, Marine  
  87  7:30  Marine  
  87  7:31  Marine  
  88  7:43  Marine  
  88  7:48  Marine  
  88  7:49  Marine  
  86  8:01  Engineering Bay  
Show
View Real Time Build Order
Export as new Build Order

Kaer Terran - Winner!

Build Orders: Reaper Expand 

Get SALT Encoding   

  12  0:01  SCV  
  13  0:13  SCV  
  14  0:18  Supply Depot  
  14  0:25  SCV  
  15  0:39  SCV  
  15  0:40  Barracks  
  16  0:44  Refinery  
  16  0:51  SCV  
  17  1:03  SCV  
  18  1:15  SCV  
  19  1:28  Refinery, Orbital Command  
  19  1:29  Reaper  
  20  1:55  Command Center, SCV  
  21  2:07  Factory  
  20  2:11  SCV  
  21  2:21  Barracks Reactor  
  21  2:22  Supply Depot  
  21  2:25  SCV  
  23  2:37  SCV  
  23  2:49  SCV  
  24  2:55  Factory Tech Lab, Starport  
  24  2:58  Marine x2  
  23  3:01  SCV  
  26  3:08  Orbital Command  
  26  3:16  Cyclone  
  29  3:20  SCV  
  29  3:21  Marine  
  29  3:24  Marine  
  32  3:33  Viking  
  34  3:36  SCV  
  34  3:38  SCV  
  36  3:43  Marine x2  
  36  3:47  Supply Depot  
  38  3:51  SCV  
  38  3:55  SCV  
  40  4:02  Factory Tech Lab  
  40  4:04  Marine x2  
  40  4:08  SCV, Supply Depot  
  43  4:14  Raven  
  45  4:22  Marine x2  
  47  4:27  Siege Tank  
  47  4:28  SCV  
  51  4:31  Barracks  
  50  4:42  Marine  
  50  4:43  Marine  
  49  4:53  Supply Depot  
  49  4:55  Supply Depot  
  47  5:06  Marine  
  46  5:10  SCV  
  46  5:11  Siege Tank  
  45  5:14  SCV, Banshee  
  45  5:16  Refinery  
  49  5:29  SCV  
  49  5:32  Cloaking Field, Marine x2  
  49  5:34  SCV  
  49  5:35  Barracks Tech Lab  
  53  5:42  Engineering Bay  
  53  5:48  SCV  
  54  5:50  Supply Depot  
  54  5:52  Marine x2  
  56  5:58  Stimpack  
  56  6:01  Banshee  
  60  6:04  SCV x2  
  61  6:13  Supply Depot  
  61  6:14  Supply Depot  
  61  6:15  Marine  
  61  6:16  SCV  
  61  6:17  Marine  
  61  6:18  Marine  
  65  6:20  SCV  
  66  6:28  SCV  
  67  6:42  Siege Tank, Marine  
  67  6:43  Marine  
  67  6:44  Command Center  
  72  6:49  SCV  
  73  6:55  Viking  
  73  6:56  SCV  
  73  7:00  Refinery  
  76  7:08  Marine x2  
  77  7:10  Barracks  
  77  7:14  SCV, Engineering Bay, Marine  
  80  7:26  SCV  
  81  7:30  Siege Tank  
  81  7:31  Marine  
  81  7:32  SCV  
  86  7:55  SCV  
  93  7:59  Supply Depot  
Tags
 
Add a new tag
Caveats
  • Supply blocks, unpowered buildings, or Contaminate may cause inaccurate times.
  • Supply counts are checked every 10 seconds.